cohdb
Replays
Latest Replays
All Replays
Popular Replays
Top Player Replays
Match Explorer
How It Works
Community
CoH3 Stats
Reddit
Sign in to upload your games and track your stats! →
Sign in with Steam
Match 46011169
Unlisted
Match 46011169
Overview
Messages
Build Orders
End
Pioneer Squad
Construct Infanterie Kompanie
Selects Mechanized Battlegroup
MG 42 Machine Gun Team
Grenadier Squad
Grenadier Squad
Grenadier Squad
Construct Panzergrenadier Kompanie
Selects Spotting Scopes
Panzergrenadier Squad
Pak 40 Anti-tank Gun Team
Selects Wespe Self-propelled Artillery
Wespe Self-propelled Artillery
Panzergrenadier Officer Quarters
Construct Panzer Kompanie
Panzer IV Medium Tank
Panzer Officer Quarters
Selects Raid Package
Selects StuG Assault Group
Selects UNKNOWN (2160084)
Panther Heavy Tank
con_007
A Sassy Badger
A Quick Workaround
Give ma Life 4 Pakistannn
Orange
Alekel
PH0BB05
Gengeol
0
0
Comments
sign in to comment!
No comments posted yet!